 Dungeon Crawl Stone Soup version 0.24-a0-616-ge2a249a (webtiles) character file.

Game seed: 6965140892010673089, levelgen mode: deterministic

166 Balder the Shield-Bearer (level 5, -4/36 HPs)
             Began as a Halfling Fighter on Sept 15, 2019.
             Slain by an orc priest
             ... wielding a cursed +0 flail
              (7 damage)
             ... on level 3 of the Dungeon.
             The game lasted 00:10:00 (2348 turns).

Balder the Shield-Bearer (Halfling Fighter)         Turns: 2348, Time: 00:10:01

Health: -4/36      AC: 11    Str: 17    XL:     5   Next: 76%
Magic:  5/5        EV:  7    Int:  6    God:
Gold:   133        SH: 10    Dex: 15    Spells: 4/4 levels left

rFire    . . .     SeeInvis .   a - +0 long sword
rCold    . . .     Gourm    .   c - +0 shield
rNeg     . . .     Faith    .   n - +0 chain mail
rPois    .         Spirit   .   o - +1 helmet
rElec    .         Reflect  .   (no cloak)
rCorr    .         Harm     .   (no gloves)
MR       .....                  (no boots)
Stlth    ..........             (no amulet)
HPRegen  0.12/turn              (no ring)
MPRegen  0.09/turn              (no ring)

@: no status effects
A: small, mutation resistance 1, subdued magic 1
a: no special abilities


You were on level 3 of the Dungeon.
You were not hungry.

You visited 1 branch of the dungeon, and saw 3 of its levels.

You collected 133 gold pieces.

Inventory:

Hand Weapons
 a - a +0 long sword (weapon)
 b - a +0 hunting sling
 i - a cursed -1 dagger
 m - a +0 war axe
 p - a +2 rapier of electrocution
Missiles
 t - 20 stones (quivered)
Armour
 c - a +0 shield (worn)
 n - a +0 chain mail (worn)
 o - a +1 helmet (worn)
Scrolls
 d - a scroll of enchant weapon {unknown}
 e - 6 scrolls of identify {unknown}
 g - a scroll of blinking {unknown}
 h - a scroll of enchant armour {unknown}
 j - 2 scrolls of fear {unknown}
 q - 5 scrolls of remove curse {unknown}
 r - a scroll of immolation {unknown}
 s - 2 scrolls of teleportation {unknown}
Potions
 k - a potion of mutation
 l - 2 potions of degeneration {unknown}
Comestibles
 f - a ration


   Skills:
 * Level 3.1 Fighting
 * Level 3.2 Long Blades
 * Level 4.0 Armour
 * Level 1.4 Dodging
 * Level 1.7 Stealth
 * Level 4.2 Shields


You had 4 spell levels left.
You didn't know any spells.
Your spell library was empty.

Dungeon Overview and Level Annotations

Branches:
Dungeon (3/15)

Altars:
Yredelemnul

Annotations:
D:2 1 runed translucent door, Sigmund


Innate Abilities, Weirdness & Mutations

You are small and have problems with some larger weapons.
You are somewhat resistant to further mutation.
Your spells are a little easier to cast, but a little less powerful.


Message History

Things that are here:
a cursed -1 ring mail; an orc corpse; a giant cockroach corpse The orc priest invokes the aid of Beogh against you.
Beogh smites you!
* * * LOW HITPOINT WARNING * * *
The orc priest completely misses you.
You riposte.
You closely miss the orc priest. You closely miss the orc priest.
The orc priest invokes the aid of Beogh against you.
Pain shoots through your body!
* * * LOW HITPOINT WARNING * * *
You closely miss the orc priest. You block the orc priest's attack.
You closely miss the orc priest.
The orc priest miscasts a cantrip.
It was a potion of mutation.
You feel extremely strange.
Your connection to magic feels subdued.
The orc priest hits you but does no damage.
You closely miss the orc priest.
The orc priest hits you with a cursed +0 flail!
You die...

.....####.###...#...#..#
#.♣.......# #.#.#.###..#
#..♣..##### #.#...# ##.#
#.....# #.##.## #.#
####### #.##.# #.#
#.##.# #.# .##[# #.#
####.##.# #.# ......(@#
#.# !.##..[o.....<#
....(...#####.#
........# (..####.# ..#
#.. .. ... ##. ###


You could see an orc priest.

Vanquished Creatures
  Terence (D:3)
  Robin (D:2)
  6 adders
  3 worms (D:2)
  2 leopard geckos
  3 orcs (D:3)
  2 giant cockroaches (D:3)
  12 goblins
  8 hobgoblins
  2 jackals (D:3)
  7 kobolds
  A quokka (D:2)
  A ball python (D:3)
  3 bats
  6 frilled lizards
  A jackal zombie (D:2)
  2 rats (D:2)
61 creatures vanquished.

Notes
Turn   | Place    | Note
-------+----------+-------------------------------------------
     0 | D:1      | Balder the Halfling Fighter began the quest for the Orb.
     0 | D:1      | Reached XP level 1. HP: 15/15 MP: 1/1
   207 | D:1      | Reached XP level 2. HP: 20/20 MP: 2/2
   747 | D:2      | Reached skill level 1 in Stealth
   747 | D:2      | Reached XP level 3. HP: 9/26 MP: 3/3
  1247 | D:2      | Found a runed translucent door.
  1247 | D:2      | Noticed a human
  1259 | D:2      | Reached XP level 4. HP: 31/31 MP: 4/4
  1261 | D:2      | Found a basalt altar of Yredelemnul.
  1328 | D:2      | Reached skill level 1 in Dodging
  1357 | D:2      | Noticed Robin
  1455 | D:2      | Killed Robin
  1455 | D:2      | Reached XP level 5. HP: 28/36 MP: 5/5
  1766 | D:2      | Noticed Sigmund
  2030 | D:3      | Noticed Terence
  2075 | D:3      | Killed Terence
  2347 | D:3      | Gained mutation: Your spells are a little easier to cast,
                  | but a little less powerful. [potion of mutation]
  2348 | D:3      | Slain by an orc priest

Levels and vault maps discovered:
D:1:      tarquinn_simple_flora_water_f, layout_basic
D:2:      layout_rooms, dk_yredelemnul_ordeal, uniq_robin, uniq_sigmund
D:3:      layout_loops_ring, gammafunk_temple_overflow_statue, st_stairs_10,
          chequers_mini_garden, uniq_terence, uniq_natasha

Skill      XL: |  1  2  3  4  5 |
---------------+----------------+-----
Fighting       | 3 |  3.1
Stealth        | 1 |  1.7
Dodging        | 1 |  1.4
Shields        | 4 |  4.2
Long Blades    | 3 |  3.2
Armour         | 4 |  4.0

Action                   |  1- 3 |  4- 6 || total
-------------------------+-------+-------++-------
Melee: Long sword        |    76 |   188 ||   264
 Fire: Hunting sling     |       |     9 ||     9
  Use: Potion            |     1 |     1 ||     2
  Eat: Chunk             |     1 |     4 ||     5
Armor: Scale mail        |    22 |       ||    22
       Chain mail        |       |    96 ||    96
Dodge: Dodged            |    22 |    57 ||    79
Block: Shield            |    45 |   132 ||   177
       Rpst.: Long sword |    12 |    19 ||    31

Table legend:
 A = Non-vault XP
 B = Vault XP
 C = Vault XP percentage of total XP
 D = Non-vault monster count
 E = Vault monster count
 F = Vault count percentage of total count
                 A         B        C        D         E       F
            +---------+---------+-------+---------+---------+-------
      Total |     166 |      72 |  30.3 |      48 |      13 |  21.3
            +---------+---------+-------+---------+---------+-------
        D:1 |      20 |       0 |   0.0 |      11 |       0 |   0.0
        D:2 |      95 |      36 |  27.5 |      23 |      12 |  34.3
        D:3 |      51 |      36 |  41.4 |      14 |       1 |   6.7
            +---------+---------+-------+---------+---------+-------
